 Dungeon Crawl Stone Soup version 0.31-a0-1059-g83d41fd8b6 (webtiles) character file.

Game seed: 17393238658681143785

60379 MackTheKnife the Grappler (level 15, -4/118 HPs)
             Began as a Djinni Shapeshifter on Nov 21, 2023.
             Was an Elder of Ashenzari.
             Slain by an orc knight
             ... wielding a +0 bardiche of venom
              (30 damage)
             ... on level 1 of the Orcish Mines.
             The game lasted 00:56:30 (27179 turns).

MackTheKnife the Grappler (Djinni Shapeshifter)    Turns: 27179, Time: 00:56:30

Health: -4/118     AC: 12    Str: 11    XL:     15   Next: 37%
Gold:   2127       EV: 21    Int: 16    God:    Ashenzari [****..] SH:  0 Dex: 14

rFire   + +          .
                       - Unarmed
rCold   . . .        P - melded +0 buckler
rNeg    + + +        D - +2 leather armour "Loss of Ashenzari" {Will+, Comp, Melee} (curse)
rPois   ∞            n - +0 helmet of the Shackled Moon {Elem, Self} (curse)
rElec   .            T - +4 cloak of Cremastomancy {*Corrode Will+ Regen+, Cun, Fort} (curse)
rCorr   .            t - +0 pair of gloves of Ashenzari's Secrets {Melee, Dev} (curse)
SInv    +            (boots unavailable)
Will    ++++.        Q - amulet of Ebrogodona {Spirit Will+}
Stlth   ++           f - ring "Chained Mysticism" {EV+5, Melee, Alch} (curse)
HPRegen 1.19/turn    y - ring of the Bound Sage {rPois rC+ rN+++ Str-4 SInv, Melee, Self} (curse)
MPRegen 0.00/turn

%: corrode self (3%), clarity, guardian spirit, infuse magic (-5 HP)
@: flux-form, flying, contaminated, glowing, studying Unarmed Combat
A: glow, contaminating, flying, sickness immunity, fire resistance 2, cold
vulnerability 1, float, innate caster, HP casting, extra vitality 1
a: Begin Untransformation, Renounce Religion, Shatter the Chains


You were on level 1 of the Orcish Mines.
You worshipped Ashenzari.
Ashenzari was greatly pleased with you.
You were something dangerously unstable.
You visited 3 branches of the dungeon, and saw 18 of its levels.
You also visited: Bailey.

You collected 3171 gold pieces.
You spent 1044 gold pieces at shops.


Innate Abilities, Weirdness & Mutations

You are something dangerously unstable.
You glow with magical radiation, making you easy to see and hit.
Foes you strike become dangerously contaminated with magical radiation.
You are flying.
You are incapable of wielding weapons or throwing items.
You are immune to sickness and miasma.
You are immune to poison.
Your flesh is very heat resistant. (rF++)
You are vulnerable to cold. (rC-)
You float through the air rather than walking.
You learn spells naturally, not from books.
Your magical power is your life essence.
You have superior vitality. (+4 MHP)


   Skills:
 - Level 11.8(14.5) Fighting
 - Level 4.0(7.8) Short Blades
 - Level 8.1(10.0) Dodging
 - Level 8.0(9.9) Stealth
 - Level 5.0(6.7) Shields
 + Level 13.1(17.4) Unarmed Combat
 - Level 9.1(11.8) Spellcasting
 - Level 9.1 Conjurations
 - Level 9.1 Hexes
 - Level 9.1(10.9) Summonings
 - Level 9.1(10.9) Necromancy
 - Level 9.1 Translocations
 - Level 9.1(10.9) Transmutations
 - Level 9.1(10.9) Fire Magic
 - Level 9.1(10.9) Ice Magic
 - Level 9.1(10.9) Air Magic
 - Level 9.1(10.9) Earth Magic
 - Level 9.1(10.9) Poison Magic
 - Level 4.1(5.8) Evocations
 - Level 8.1(10.0) Shapeshifting


You knew the following spells:

 Your Spells              Type           Power      Damage    Failure   Level
a - Sting                 Tmut/Pois      100%       1d8       1%          1
b - Ensorcelled Hibernat  Hex/Ice        82%        N/A       1%          2
c - Hailstorm             Conj/Ice       41%        3d10      1%          3
d - Ozocubu's Armour      Ice            44%        N/A       1%          3
e - Cause Fear            Hex            19%        N/A       2%          4
f - Irradiate             Conj/Tmut      20%        3d18      4%          5
g - Summon Cactus Giant   Summ           22%        N/A       17%         6
Your spell library was empty.

Inventory:

Hand Weapons
 i - a +2 dagger {short}
   (You took it off a wight on level 8 of the Dungeon)
 J - a -1 demon whip of venom {mace}
   (You took it off Amaemon on level 1 of the Lair of Beasts)
Missiles
 a - 6 curare-tipped darts {=fthrowing}
 r - 19 poisoned darts {throwing}
 x - 3 throwing nets {=f!fthrowing}
Armour
 n - the cursed +0 helmet of the Shackled Moon (worn) {Elem, Self}
   (You took it off Robin on level 2 of the Dungeon)

   It has a curse which improves the following skills: Elements: Fire Magic, Ice
   Magic, Air Magic and Earth Magic.
   Introspection: Fighting and Spellcasting.
 t - the cursed +0 pair of gloves of Ashenzari's Secrets (worn) {Melee, Dev}
   (You found it on level 8 of the Dungeon)

   It has a curse which improves the following skills: Melee Combat: Short
   Blades, Long Blades, Axes, Maces & Flails, Polearms, Staves and Unarmed
   Combat.
   Devices:   Evocations and Shapeshifting.
 D - the cursed +2 leather armour "Loss of Ashenzari" (worn) {Will+, Comp, Melee}
   (You bought it in a shop on level 8 of the Dungeon)

   It has a curse which improves the following skills: Companions: Summonings
   and Necromancy.
   Melee Combat: Short Blades, Long Blades, Axes, Maces & Flails, Polearms,
   Staves and Unarmed Combat.
 P - a +0 buckler (melded)
   (You took it off a gnoll sergeant on level 9 of the Dungeon)
 T - the cursed +4 cloak of Cremastomancy (worn) {*Corrode Will+ Regen+, Cun, Fort}
   (You acquired it on level 6 of the Dungeon)

   Will+:     It increases your willpower.
   Regen+:    It increases your rate of health regeneration.
   *Corrode:  It may corrode you when you take damage.
   It has a curse which improves the following skills: Cunning: Dodging and
   Stealth.
   Fortitude: Armour and Shields.
Jewellery
 f - the cursed ring "Chained Mysticism" (left hand) {EV+5, Melee, Alch}
   (You found it on level 11 of the Dungeon)

   [ring of evasion]

   EV+5:      It affects your evasion (+5).
   It has a curse which improves the following skills: Melee Combat: Short
   Blades, Long Blades, Axes, Maces & Flails, Polearms, Staves and Unarmed
   Combat.
   Alchemy:   Poison Magic and Transmutations.
 l - an amulet of the acrobat
   (You took it off a kobold on level 6 of the Dungeon)
 y - the cursed ring of the Bound Sage (right hand) {rPois rC+ rN+++ Str-4 SInv, Melee, Self}
   (You took it off a kobold in a bailey)

   [ring of protection from cold]

   Str-4:     It affects your strength (-4).
   rC+:       It protects you from cold.
   rPois:     It protects you from poison rN+++: It renders you almost immune to
   negative energy.
   SInv:      It lets you see invisible.
   It has a curse which improves the following skills: Melee Combat: Short
   Blades, Long Blades, Axes, Maces & Flails, Polearms, Staves and Unarmed
   Combat.
   Introspection: Fighting and Spellcasting.
 Q - the amulet of Ebrogodona (around neck) {Spirit Will+}
   (You found it on level 5 of the Lair of Beasts)

   [amulet of guardian spirit]

   Spirit:    It causes incoming damage to be divided between your reserves of
   health and magic.
   Will+:     It increases your willpower.
 S - a ring of ice
   (You found it on level 6 of the Dungeon)
 W - a ring of ice
   (You took it off Fannar on level 1 of the Orcish Mines)
Talismans
 c - a beast talisman
 d - a flux talisman (active)
 A - a serpent talisman
   (You found it on level 7 of the Dungeon)
 M - a dragon-blood talisman
   (You found it on level 3 of the Lair of Beasts)
Wands
 h - a wand of paralysis (1)
   (You found it on level 5 of the Lair of Beasts)
 u - a wand of flame (13)
   (You took it off a gnoll on level 9 of the Dungeon)
 F - a wand of roots (5)
   (You found it on level 10 of the Dungeon)
 K - a wand of mindburst (8)
   (You found it on level 2 of the Lair of Beasts)
 L - a wand of light (7)
   (You found it on level 3 of the Lair of Beasts)
 N - a wand of digging (9)
   (You found it on level 3 of the Lair of Beasts)
 V - a wand of polymorph (2)
   (You found it on level 12 of the Dungeon)
Scrolls
 b - a scroll of teleportation {@r4}
 e - a scroll of blinking {!r}
 g - 4 scrolls of revelation
 o - 6 scrolls of poison
 q - 3 scrolls of immolation {!r!r}
 s - a scroll of enchant armour
 w - 4 scrolls of enchant weapon
 B - a scroll of fear
 C - a scroll of fog
 G - a scroll of butterflies
 O - 2 scrolls of vulnerability {!r!r}
Potions
 j - 3 potions of mutation {!q}
 k - 5 potions of curing {@q1}
 m - 3 potions of might
 p - 3 potions of haste {@q3}
 v - 2 potions of brilliance
 z - 4 potions of enlightenment
 E - a potion of resistance
 H - a potion of ambrosia
 I - a potion of heal wounds {@q2}
 U - 2 potions of lignification {!q}
Miscellaneous
 R - a phial of floods
   (You found it on level 5 of the Lair of Beasts)

Dungeon Overview and Level Annotations

Branches:
Dungeon (12/15) Zot: 26016  Temple (0/1) D:7            Lair (5/5) D:9 Zot: 20521
 Shoals (0/4) Lair:3       Spider (0/4) Lair:2        Slime (0/5) Lair:5
    Orc (1/2) D:12 Zot: 5668  Bailey (visited)

Altars:
Ashenzari
Cheibriados
Elyvilon
Gozag
Makhleb
Nemelex Xobeh
Trog
Wu Jian

Shops:
D:5 :   D:8 (?[?[   Orc:1 [?

Annotations:
D:6 exclusion: door
D:10 exclusion: 2 wights
D:11 1 runed translucent door, heinrich's ghost, journeyman DjFE
D:12 exclusion: orange crystal statue
Lair:3 exclusion: oklob plant

...............(.[...###..)....##
..........#......)..######.).....
##.......#.....)......# #.o......
...................)[####o..#....
............)...##...)[#....##...
.....)..........###.)))o....###..
................#.....o..######..
..#..)#.........##.......##.##...
...#)##.....>...p)o..............
..##)#..........#).o.............
.........#.#..............>......
#.........###....................
....................###.........#
..........###.#.....# ###........
..[......## #.##...## ##.....##
.#<.....## ###....# ##...##
##....### #...## **..##


You could see 2 orc knights and 2 orc wizards.


Message History

The orc knight is blasted with magical radiation!!
The orc knight twists and deforms.
You are very lightly contaminated with residual magic.
The orc wizard shouts!
The orc knight closely misses you. 😮 HP[-4]
You take 4 damage, and now have 72/118 hp.
Casting: Irradiate (dangerous; 4% risk of failure)
Confirm with . or Enter, or press ? or * to list all spells.
You erupt in a fountain of uncontrolled magic!
The orc knight is blasted with magical radiation!!!
You kill the orc knight!
You are lightly contaminated with residual magic. 😮 HP[-4]
You take 4 damage, and now have 68/118 hp. 😮 HP[+1] 😮 HP[+1] 😮 HP[+2]
You regained 2 hp, and now have 72/118 hp. 😮 HP[+1]
The orc knight no longer looks unusually strong. 😮 HP[+1] 😮 HP[+1] 😮 HP[+1] 😮 HP[+2]
You regained 2 hp, and now have 78/118 hp. 😮 HP[+1] 😮 HP[+1] 😮 HP[+1] 😮 HP[+1] 😮 HP[+2]
You regained 2 hp, and now have 84/118 hp. 😮 HP[+1] 😮 HP[+1]
The orc wizard casts a spell at you.
The puff of flame misses you. 😮 HP[+1] 😮 HP[+1]
The orc knight roars a battlecry!
The orcs go into a battle-frenzy! 😕 HP[+2]
You regained 2 hp, and now have 90/118 hp. 😕 HP[+1]
The orc wizard mumbles some strange words.
The orc wizard flickers and vanishes for a moment. 😕 HP[+1] 😕 HP[+1] 😕 HP[+1]
Casting: Irradiate (dangerous; 4% risk of failure)
Confirm with . or Enter, or press ? or * to list all spells.
Okay, then.
Unknown command.
Casting: Irradiate (dangerous; 4% risk of failure)
Confirm with . or Enter, or press ? or * to list all spells.
You miscast Summon Cactus Giant.
Nothing appears to happen. 😕 HP[-5]
You take 5 damage, and now have 89/118 hp.
You punch the orc knight!
The orc knight begins to glow. 😕 HP[+1]
You hit the orc knight.
The orc knight glows dangerously bright.
The orc knight hits you with a +3 great sword! 😮 HP[-7]
You take 7 damage, and now have 83/118 hp.
You hit the orc knight but do no damage.
The orc knight shudders as magic cascades through it!!
The orc knight twists and deforms.
The orc knight hits you with a +3 great sword! 😮 HP[-8]
You take 8 damage, and now have 75/118 hp.
Casting: Summon Cactus Giant (dangerous; 17% risk of failure)
Confirm with . or Enter, or press ? or * to list all spells.
You erupt in a fountain of uncontrolled magic!
The orc wizard is blasted with magical radiation!
You kill the orc wizard!
The orc knight is blasted with magical radiation!!
The orc knight twists and deforms.
You are lightly contaminated with residual magic.
The orc knight roars a battlecry!
The orc knight goes into a battle-frenzy!
The orc knight hits you with a +3 great sword!
* * * LOW HITPOINT WARNING * * *
😨 HP[-19]
You take 19 damage, and now have 56/118 hp.
You hit the orc knight.
The orc knight begins to glow.
The orc knight hits you with a +3 great sword!!
* * * LOW HITPOINT WARNING * * *
😨 HP[-26]
You take 26 damage, and now have 30/118 hp.
MASSIVE DAMAGE!! (PAUSE)
Casting: Irradiate (dangerous; 4% risk of failure)
Confirm with . or Enter, or press ? or * to list all spells.
You erupt in a fountain of uncontrolled magic!
The orc knight is blasted with magical radiation!!!
You kill the orc knight!
You are contaminated with residual magic.
* * * LOW HITPOINT WARNING * * *
The orc knight hits you from afar with a +0 bardiche of venom!!
You die...

Skill      XL: |  1  2  3  4  5  6  7  8  9 10 11 12 13 14 15 |
---------------+----------------------------------------------+-----
Spellcasting   | 1 2 3 4 6 8 9 |  9.1
Conjurations   | 1 2 3 4 6 8 9 |  9.1
Hexes          | 1 2 3 4 6 8 9 |  9.1
Summonings     | 1 2 3 4 6 8 9 |  9.1
Necromancy     | 1 2 3 4 6 8 9 |  9.1
Translocations | 1 2 3 4 6 8 9 |  9.1
Transmutations | 1 2 3 4 6 8 9 |  9.1
Fire Magic     | 1 2 3 4 6 8 9 |  9.1
Ice Magic      | 1 2 3 4 6 8 9 |  9.1
Air Magic      | 1 2 3 4 6 8 9 |  9.1
Earth Magic    | 1 2 3 4 6 8 9 |  9.1
Poison Magic   | 1 2 3 4 6 8 9 |  9.1
Short Blades   | 2 4 |  4.0
Stealth        | 2 5 8 |  8.0
Fighting       | 2 3 4 7 10 11 | 11.8
Dodging        | 4 8 |  8.1
Shapeshifting  | 5 8 |  8.1
Unarmed Combat | 8 10 13 | 13.1
Shields        | 4 5 |  5.0
Evocations     | 4 |  4.1

Action                     |  1- 3 |  4- 6 |  7- 9 | 10-12 | 13-15 || total
---------------------------+-------+-------+-------+-------+-------++-------
  Melee: Unarmed           |    39 |     5 |       |       |   443 ||   487
         Dagger            |       |    28 |   163 |   306 |   176 ||   673
         Short sword       |       |    26 |    32 |       |       ||    58
         Punch             |       |       |     7 |     5 |     5 ||    17
  Throw: Dart              |       |       |    10 |       |     1 ||    11
   Cast: Sting             |    29 |   110 |   101 |    28 |     2 ||   270
         Ensorcelled Hiber |       |    13 |    14 |    98 |    79 ||   204
         Hailstorm         |       |       |    61 |    98 |       ||   159
         Ozocubu's Armour  |       |       |       |    10 |     6 ||    16
         Cause Fear        |       |       |       |     1 |     5 ||     6
         Irradiate         |       |       |       |       |    72 ||    72
 Invoke: Curse Item        |       |       |     3 |     4 |     4 ||    11
         Shatter the Chain |       |       |       |     1 |     4 ||     5
  Evoke: Wand              |       |       |       |     9 |     4 ||    13
    Use: Potion            |       |     2 |       |     2 |       ||     4
         Scroll            |       |       |     1 |     7 |     6 ||    14
   Stab: Sleeping          |     1 |     5 |    13 |    65 |    66 ||   150
         Petrified         |       |       |       |       |     6 ||     6
 Armour: Animal skin       |    28 |    49 |       |       |       ||    77
         Leather armour    |       |    21 |   149 |   414 |   421 ||  1005
         Skin              |       |    16 |       |       |       ||    16
  Dodge: Dodged            |    41 |    72 |   162 |   517 |   576 ||  1368
  Block: Buckler           |       |       |       |       |    15 ||    15
         Form:             |       |     1 |       |       |       ||     1
         Beast             |       |     1 |       |       |       ||     1
         Flux              |       |       |       |       |     1 ||     1

Levels and vault maps discovered:
D:1:      spicycebolla_arrival_xxxplode, layout_loops_ring, serial_park_tiny_1
D:2:      layout_basic, chequers_serial_rivers_micro_b, uniq_jessica, uniq_robin
D:3:      layout_basic, mainiacjoe_overflow_brackets,
          mainiacjoe_overflow_six_doors_small
D:4:      layout_gridville, minmay_misc_feat_doors, uniq_natasha
D:5:      layout_gridville, kennysheep_mini_moat,
          nicolae_overflow_hidden_temple, nicolae_custom_books
D:6:      kennysheep_kobold_camp, layout_basic, marbit_many_paths
D:7:      layout_loops_ring, temple_hall, enter_bailey_5
D:8:      layout_layer_cave, mainiacjoe_overflow_alcove_1, serial_shops, shop,
          nicolae_shop_real_fake_doors, shop, shop, shop, serial_undead,
          serial_undead_f, serial_undead_b, serial_undead_a, serial_undead_a,
          chequers_arboretum, roderic_roman_lattice
D:9:      layout_basic, old_standard_altar, due_lair_maze_entry_diamond,
          chequers_serial_rivers_large_a
D:10:     layout_basic, lightli_temple_of_fire, mainiacjoe_overflow_catwalk,
          mainiacjoe_overflow_small_starburst
D:11:     layout_cave_pools, ebering_ghost_funeral_grove
D:12:     layout_small_grid, minmay_orc_entry_temple_small, disabler_island
Lair:1:   layout_chaotic_city, kennysheep_snail_temple, lemuel_fruit_tree,
          uniq_amaemon
Lair:2:   layout_loops_ring, hellmonk_spider_entry_life_and_decay,
          cheibrodos_lair_lostbears
Lair:3:   beast_lair_carwin_large_2, layout_regular_city,
          minmay_shoals_entry_beasts, minmay_lair_oklob_bushes, minivault_27,
          minivault_24, chequers_serial_rivers_micro_a, roderic_carrion_pond
Lair:4:   layout_regular_city
Lair:5:   evilmike_catoblepas_cave, layout_gridlike, slime_entry_1,
          hibernation_bobbens, uniq_sonja
Orc:1:    layout_diamond_mine, guppyfry_orc_lava_fort, uniq_fannar

Notes
Turn   | Place    | Note
-------+----------+-------------------------------------------
     0 | D:1      | MackTheKnife the Djinni Shapeshifter began the quest for
                  | the Orb.
     0 | D:1      | Reached XP level 1. HP: 17/17 MP: 0/0
     0 | D:1      | magus.rc [v1.9.6]
   370 | D:1      | Reached skill level 1 in Spellcasting
   370 | D:1      | Reached skill level 1 in Conjurations
   370 | D:1      | Reached skill level 1 in Hexes
   370 | D:1      | Reached skill level 1 in Summonings
   370 | D:1      | Reached skill level 1 in Necromancy
   370 | D:1      | Reached skill level 1 in Translocations
   370 | D:1      | Reached skill level 1 in Transmutations
   370 | D:1      | Reached skill level 1 in Fire Magic
   370 | D:1      | Reached skill level 1 in Ice Magic
   370 | D:1      | Reached skill level 1 in Air Magic
   370 | D:1      | Reached skill level 1 in Earth Magic
   370 | D:1      | Reached skill level 1 in Poison Magic
   370 | D:1      | Reached XP level 2. HP: 14/22 MP: 0/0
   869 | D:2      | Reached XP level 3. HP: 27/27 MP: 0/0
   869 | D:2      | Learned a level 1 spell: Sting
   932 | D:2      | Reached skill level 2 in Spellcasting
   932 | D:2      | Reached skill level 2 in Conjurations
   932 | D:2      | Reached skill level 2 in Hexes
   932 | D:2      | Reached skill level 2 in Summonings
   932 | D:2      | Reached skill level 2 in Necromancy
   932 | D:2      | Reached skill level 2 in Translocations
   932 | D:2      | Reached skill level 2 in Transmutations
   932 | D:2      | Reached skill level 2 in Fire Magic
   932 | D:2      | Reached skill level 2 in Ice Magic
   932 | D:2      | Reached skill level 2 in Air Magic
   932 | D:2      | Reached skill level 2 in Earth Magic
   932 | D:2      | Reached skill level 2 in Poison Magic
  1438 | D:2      | Noticed Robin
  1507 | D:2      | Reached XP level 4. HP: 32/32 MP: 0/0
  1522 | D:2      | Killed Robin
  2026 | D:2      | Noticed Jessica
  2030 | D:2      | Killed Jessica
  2031 | D:2      | Reached skill level 3 in Spellcasting
  2031 | D:2      | Reached skill level 3 in Conjurations
  2031 | D:2      | Reached skill level 3 in Hexes
  2031 | D:2      | Reached skill level 3 in Summonings
  2031 | D:2      | Reached skill level 3 in Necromancy
  2031 | D:2      | Reached skill level 3 in Translocations
  2031 | D:2      | Reached skill level 3 in Transmutations
  2031 | D:2      | Reached skill level 3 in Fire Magic
  2031 | D:2      | Reached skill level 3 in Ice Magic
  2031 | D:2      | Reached skill level 3 in Air Magic
  2031 | D:2      | Reached skill level 3 in Earth Magic
  2031 | D:2      | Reached skill level 3 in Poison Magic
  2031 | D:2      | Reached XP level 5. HP: 27/37 MP: 0/0
  2031 | D:2      | Learned a level 2 spell: Ensorcelled Hibernation
  2660 | D:3      | Reached skill level 1 in Short Blades
  2660 | D:3      | Reached skill level 1 in Stealth
  3038 | D:3      | Found a broken altar of Ashenzari.
  3055 | D:3      | Became a worshipper of Ashenzari the Shackled
  3083 | D:3      | Reached skill level 2 in Short Blades
  3083 | D:3      | Reached skill level 2 in Stealth
  3083 | D:3      | Reached XP level 6. HP: 32/42 MP: 0/0
  3250 | D:3      | Found a snail-covered altar of Cheibriados.
  3623 | D:4      | Noticed Natasha
  3639 | D:4      | Killed Natasha
  3712 | D:4      | Noticed Natasha
  3903 | D:4      | HP: 10/43 [iguana (4)]
  3905 | D:4      | HP: 3/43 [iguana (7)]
  3907 | D:4      | Reached skill level 2 in Fighting
  4041 | D:4      | Killed Natasha
  4139 | D:4      | Noticed Natasha
  4210 | D:4      | Reached XP level 7. HP: 24/49 MP: 0/0
  4210 | D:4      | Learned a level 3 spell: Hailstorm
  4537 | D:4      | Killed Natasha
  4574 | D:4      | Reached skill level 3 in Fighting
  4801 | D:5      | Entered Level 5 of the Dungeon
  4992 | D:5      | Reached skill level 4 in Spellcasting
  4992 | D:5      | Reached skill level 4 in Conjurations
  4992 | D:5      | Reached skill level 4 in Hexes
  4992 | D:5      | Reached skill level 4 in Summonings
  4992 | D:5      | Reached skill level 4 in Necromancy
  4992 | D:5      | Reached skill level 4 in Translocations
  4992 | D:5      | Reached skill level 4 in Transmutations
  4992 | D:5      | Reached skill level 4 in Fire Magic
  4992 | D:5      | Reached skill level 4 in Ice Magic
  4992 | D:5      | Reached skill level 4 in Air Magic
  4992 | D:5      | Reached skill level 4 in Earth Magic
  4992 | D:5      | Reached skill level 4 in Poison Magic
  5159 | D:5      | Reached * piety under Ashenzari
  5159 | D:5      | Identified a scroll of acquirement
  5183 | D:5      | Found Lijitzio's Self-Published Books.
  5186 | D:5      | Acquired the +0 cloak of Jijeuxt {rCorr Int+4}
  5523 | D:5      | Reached XP level 8. HP: 49/58 MP: 0/0
  5569 | D:5      | Reached skill level 5 in Spellcasting
  5569 | D:5      | Reached skill level 5 in Conjurations
  5569 | D:5      | Reached skill level 5 in Hexes
  5569 | D:5      | Reached skill level 5 in Summonings
  5569 | D:5      | Reached skill level 5 in Necromancy
  5569 | D:5      | Reached skill level 5 in Translocations
  5569 | D:5      | Reached skill level 5 in Transmutations
  5569 | D:5      | Reached skill level 5 in Fire Magic
  5569 | D:5      | Reached skill level 5 in Ice Magic
  5569 | D:5      | Reached skill level 5 in Air Magic
  5569 | D:5      | Reached skill level 5 in Earth Magic
  5569 | D:5      | Reached skill level 5 in Poison Magic
  5793 | D:5      | Found a white marble altar of Elyvilon.
  6136 | D:6      | Noticed a wraith
  6207 | D:6      | Reached ** piety under Ashenzari
  6287 | D:6      | Reached skill level 6 in Spellcasting
  6287 | D:6      | Reached skill level 6 in Conjurations
  6287 | D:6      | Reached skill level 6 in Hexes
  6287 | D:6      | Reached skill level 6 in Summonings
  6287 | D:6      | Reached skill level 6 in Necromancy
  6287 | D:6      | Reached skill level 6 in Translocations
  6287 | D:6      | Reached skill level 6 in Transmutations
  6287 | D:6      | Reached skill level 6 in Fire Magic
  6287 | D:6      | Reached skill level 6 in Ice Magic
  6287 | D:6      | Reached skill level 6 in Air Magic
  6287 | D:6      | Reached skill level 6 in Earth Magic
  6287 | D:6      | Reached skill level 6 in Poison Magic
  7124 | D:6      | Noticed a kobold demonologist
  7125 | D:6      | Noticed a red devil
  7140 | D:7      | Reached XP level 9. HP: 62/62 MP: 0/0
  7140 | D:7      | Learned a level 3 spell: Ozocubu's Armour
  7175 | D:7      | Found a flagged portal.
  7187 | D:7      | Reached skill level 7 in Spellcasting
  7187 | D:7      | Reached skill level 7 in Conjurations
  7187 | D:7      | Reached skill level 7 in Hexes
  7187 | D:7      | Reached skill level 7 in Summonings
  7187 | D:7      | Reached skill level 7 in Necromancy
  7187 | D:7      | Reached skill level 7 in Translocations
  7187 | D:7      | Reached skill level 7 in Transmutations
  7187 | D:7      | Reached skill level 7 in Fire Magic
  7187 | D:7      | Reached skill level 7 in Ice Magic
  7187 | D:7      | Reached skill level 7 in Air Magic
  7187 | D:7      | Reached skill level 7 in Earth Magic
  7187 | D:7      | Reached skill level 7 in Poison Magic
  7283 | Bailey   | Entered a bailey
  7430 | Bailey   | Identified the ring "Vozetecs" {rPois rC+ rN+++ Str-4 SInv}
  7681 | Bailey   | Identified the +1 hand axe "Oreqyh" {flame, rPois rC-
                  | Int+6}
  7740 | Bailey   | Reached skill level 8 in Spellcasting
  7740 | Bailey   | Reached skill level 8 in Conjurations
  7740 | Bailey   | Reached skill level 8 in Hexes
  7740 | Bailey   | Reached skill level 8 in Summonings
  7740 | Bailey   | Reached skill level 8 in Necromancy
  7740 | Bailey   | Reached skill level 8 in Translocations
  7740 | Bailey   | Reached skill level 8 in Transmutations
  7740 | Bailey   | Reached skill level 8 in Fire Magic
  7740 | Bailey   | Reached skill level 8 in Ice Magic
  7740 | Bailey   | Reached skill level 8 in Air Magic
  7740 | Bailey   | Reached skill level 8 in Earth Magic
  7740 | Bailey   | Reached skill level 8 in Poison Magic
  8329 | D:7      | Reached skill level 3 in Dodging
  8530 | D:7      | Reached skill level 4 in Fighting
  8633 | D:7      | Reached skill level 4 in Dodging
  8805 | D:7      | Found a staircase to the Ecumenical Temple.
  8961 | D:8      | Found Onarer's Magic Scroll Emporium.
  8963 | D:8      | Bought a scroll of revelation for 112 gold pieces
  8963 | D:8      | Bought a scroll of fog for 60 gold pieces
  9094 | D:8      | Reached XP level 10. HP: 67/72 MP: 0/0
  9141 | D:8      | Reached skill level 5 in Fighting
  9141 | D:8      | HP: 18/72 [killer bee (5)]
  9145 | D:8      | Reached skill level 5 in Dodging
  9146 | D:8      | HP: 4/73 [killer bee (5)]
  9460 | D:8      | Reached skill level 6 in Fighting
  9460 | D:8      | Reached skill level 6 in Dodging
  9494 | D:8      | HP: 13/76 [yak (8)]
  9793 | D:8      | Found Xapya's Armour Shoppe.
  9805 | D:8      | Reached skill level 7 in Dodging
  9808 | D:8      | Bought a +1 leather armour of willpower for 196 gold pieces
 10052 | D:8      | Found Kecs's Magic Scroll Shop.
 10079 | D:8      | Found an opulent altar of Gozag.
 10337 | D:8      | Found Idde's Weapon Shoppe.
 10486 | D:9      | Reached skill level 7 in Fighting
 10691 | D:9      | Found a staircase to the Lair.
 11169 | D:9      | Reached skill level 8 in Dodging
 11224 | D:9      | Reached XP level 11. HP: 51/84 MP: 0/0
 11224 | D:9      | Learned a level 4 spell: Cause Fear
 11462 | D:9      | Reached skill level 3 in Short Blades
 11462 | D:9      | Reached skill level 3 in Stealth
 11506 | D:9      | HP: 20/84 [troll (2)]
 11538 | D:9      | Noticed a two-headed ogre
 11897 | D:9      | Killed a two-headed ogre
 11898 | D:9      | Reached skill level 4 in Short Blades
 11898 | D:9      | Reached skill level 4 in Stealth
 12026 | D:9      | Reached *** piety under Ashenzari
 12222 | D:9      | Reached skill level 5 in Stealth
 12353 | D:9      | Found a burning altar of Makhleb.
 12489 | D:10     | Entered Level 10 of the Dungeon
 12504 | D:10     | HP: 20/85 [vampire mosquito (2)]
 12916 | D:10     | Found a sparkling altar of Nemelex Xobeh.
 13125 | D:10     | Reached skill level 8 in Fighting
 13214 | D:10     | Noticed a deep elf pyromancer
 13225 | D:11     | Noticed a brown ugly thing
 13225 | D:11     | Noticed a two-headed ogre
 13225 | D:11     | Noticed a boulder beetle
 13243 | D:10     | Killed a deep elf pyromancer
 13507 | D:10     | Found a bloodstained altar of Trog.
 13528 | D:10     | Noticed a two-headed ogre
 13533 | D:10     | Killed a two-headed ogre
 13534 | D:10     | Reached skill level 9 in Fighting
 13683 | D:10     | Found an ornate altar of the Wu Jian Council.
 13933 | Lair:1   | Entered Level 1 of the Lair of Beasts
 14069 | Lair:1   | Reached **** piety under Ashenzari
 14136 | Lair:1   | Reached skill level 10 in Fighting
 14136 | Lair:1   | Reached XP level 12. HP: 31/96 MP: 0/0
 14443 | Lair:1   | Reached skill level 6 in Stealth
 14443 | Lair:1   | Found a snail-covered altar of Cheibriados.
 15198 | Lair:1   | Reached skill level 7 in Stealth
 15215 | Lair:1   | Noticed Amaemon
 15219 | Lair:1   | Killed Amaemon
 15230 | Lair:1   | Reached skill level 11 in Fighting
 15660 | Lair:1   | HP: 20/99 [blink frog (9)]
 16385 | Lair:2   | Reached skill level 9 in Spellcasting
 16385 | Lair:2   | Reached skill level 9 in Conjurations
 16385 | Lair:2   | Reached skill level 9 in Hexes
 16385 | Lair:2   | Reached skill level 9 in Summonings
 16385 | Lair:2   | Reached skill level 9 in Necromancy
 16385 | Lair:2   | Reached skill level 9 in Translocations
 16385 | Lair:2   | Reached skill level 9 in Transmutations
 16385 | Lair:2   | Reached skill level 9 in Fire Magic
 16385 | Lair:2   | Reached skill level 9 in Ice Magic
 16385 | Lair:2   | Reached skill level 9 in Air Magic
 16385 | Lair:2   | Reached skill level 9 in Earth Magic
 16385 | Lair:2   | Reached skill level 9 in Poison Magic
 16642 | Lair:2   | Reached skill level 8 in Stealth
 16642 | Lair:2   | Reached XP level 13. HP: 39/105 MP: 0/0
 16642 | Lair:2   | Learned a level 5 spell: Irradiate
 16934 | Lair:2   | Reached skill level 3 in Shapeshifting
 17026 | Lair:2   | Reached skill level 4 in Shapeshifting
 17323 | Lair:2   | Reached skill level 5 in Shapeshifting
 17492 | Lair:2   | Found a hole to the Spider Nest.
 17764 | Lair:2   | magus.rc [v1.9.6]
 17898 | Lair:3   | Reached ***** piety under Ashenzari
 18036 | Lair:3   | Reached skill level 4 in Unarmed Combat
 18225 | Lair:3   | Noticed a five-headed hydra
 18234 | Lair:3   | Killed a five-headed hydra
 18235 | Lair:3   | Reached skill level 5 in Unarmed Combat
 18539 | Lair:3   | Found a staircase to the Shoals.
 18559 | Lair:3   | Reached skill level 6 in Unarmed Combat
 18673 | Lair:3   | Noticed a five-headed hydra
 18678 | Lair:3   | Killed a five-headed hydra
 18765 | Lair:3   | Reached skill level 7 in Unarmed Combat
 19092 | Lair:4   | Identified the +0 plate armour of Ignis's Supremacy {Harm
                  | Dex+3}
 19295 | Lair:4   | Reached skill level 8 in Unarmed Combat
 19535 | Lair:3   | Reached skill level 1 in Shields
 19575 | Lair:4   | Reached skill level 2 in Shields
 19643 | Lair:4   | Reached skill level 3 in Shields
 19935 | Lair:4   | Reached skill level 4 in Shields
 20191 | Lair:4   | Reached XP level 14. HP: 112/115 MP: 0/0
 20215 | Lair:4   | Reached skill level 5 in Shields
 20390 | Lair:4   | Reached skill level 1 in Evocations
 20739 | Lair:5   | Entered Level 5 of the Lair of Beasts
 20863 | Lair:5   | Reached skill level 2 in Evocations
 20979 | Lair:5   | Noticed Sonja
 20986 | Lair:5   | Killed Sonja
 21084 | Lair:5   | Identified the amulet of Ebrogodona {Spirit Will+}
 21121 | Lair:5   | Found a staircase to the Slime Pits.
 21131 | Lair:5   | Reached skill level 6 in Shapeshifting
 21135 | Lair:5   | Reached skill level 3 in Evocations
 21385 | Lair:5   | Reached skill level 4 in Evocations
 21981 | Lair:5   | Reached skill level 7 in Shapeshifting
 22161 | Lair:5   | HP: 22/115 [yak (13)]
 22731 | Lair:5   | Reached skill level 8 in Shapeshifting
 24177 | D:8      | Found Sieceasi's Armour Boutique.
 24655 | D:6      | Acquired the +4 cloak of Gallantry {*Corrode Will+ Regen+}
 25018 | D:11     | Reached skill level 9 in Unarmed Combat
 25359 | D:11     | Found a runed translucent door.
 25470 | D:11     | Reached skill level 10 in Unarmed Combat
 25621 | D:11     | Noticed heinrich's ghost (journeyman DjFE)
 25622 | D:11     | Identified the +3 trident of Doom {chaos, rF+ rCorr MP+9}
 25694 | D:11     | Reached XP level 15. HP: 103/117 MP: 0/0
 25694 | D:11     | Learned a level 6 spell: Summon Cactus Giant
 26113 | D:12     | Identified the +9 morningstar "Litzal" {freeze, rN+ Str+5
                  | Stlth-}
 26136 | D:12     | Reached skill level 11 in Unarmed Combat
 26237 | D:12     | Found a staircase to the Orcish Mines.
 26328 | D:12     | Acquired a manual of Unarmed Combat
 26521 | Orc:1    | Entered Level 1 of the Orcish Mines
 26545 | Orc:1    | Noticed Fannar
 26647 | Orc:1    | Killed Fannar
 26707 | Orc:1    | Reached skill level 12 in Unarmed Combat
 26920 | D:8      | Bought a scroll of acquirement for 676 gold pieces
 26920 | D:8      | Acquired 832 gold pieces
 27130 | Orc:1    | Found Ciulugam's Armour Shoppe.
 27135 | Orc:1    | Found Xyissuob's Magic Scroll Shop.
 27139 | Orc:1    | Reached skill level 13 in Unarmed Combat
 27179 | Orc:1    | Slain by an orc knight

Vanquished Creatures
  2 hydras (Lair:3)
  Fannar (Orc:1)
  3 catoblepae (Lair:5)
  A centaur warrior (D:11)
  3 boulder beetles
  5 two-headed ogres
  8 death yaks
  An orc high priest (Orc:1)
  Sonja (Lair:5)
  Amaemon (Lair:1)
  A fire crab (Lair:4)
  3 orc knights (Orc:1)
  A deep elf pyromancer (D:10)
  2 orc sorcerers (Orc:1)
  A cyclops (D:11)
  5 manticores
  4 elephants
  12 cane toads
  3 black mambas
  An orange demon (Lair:1)
  An unseen horror zombie (D:8)
  5 torpor snails (Lair:1)
  3 kobold demonologists
  11 komodo dragons
  2 rime drakes (Lair:5)
  5 trolls
  8 polar bears
  19 blink frogs
  5 slime creatures (D:12)
  4 culicivoras (Lair:2)
  A shadow (D:10)
  2 wraiths
  4 wyverns
  59 yaks
  5 basilisks
  A steam dragon (D:8)
  7 vampire mosquitoes
  A warg (D:12)
  12 water moccasins
  12 orc warriors
  3 sky beasts
  2 black bears (D:9)
  5 ogres
  4 ice beasts
  8 wolves (Lair:1)
  6 centaurs
  3 kobold brigands
  18 bullfrogs
  2 necrophages (Lair:3)
  A gnoll sergeant (D:9)
  A wyvern zombie (D:8)
  4 scorpions
  5 wights (D:8)
  23 killer bees
  An electric eel (Lair:5)
  7 howler monkeys
  3 centaur zombies (D:8)
  A hound (D:4)
  10 orc priests
  2 jellies
  Jessica (D:2)
  7 iguanas
  3 sleepcaps
  Natasha (thrice) (D:4)
  23 orc wizards
  Robin (D:2)
  A howler monkey zombie (D:8)
  8 gnolls
  9 adders
  A white imp (D:7)
  2 worms
  64 orcs
  4 ball pythons
  2 bats
  11 endoplasms
  5 giant cockroaches
  21 goblins
  13 hobgoblins
  2 jackals (D:1)
  4 quokkas
  5 frilled lizards
  38 kobolds
  5 rats
568 creatures vanquished.

Vanquished Creatures (others)
  3 gnolls (Orc:1)
3 creatures vanquished.

Grand Total: 571 creatures vanquished

Table legend:
 A = Non-vault XP
 B = Vault XP
 C = Vault XP percentage of total XP
 D = Non-vault monster count
 E = Vault monster count
 F = Vault count percentage of total count
                 A         B        C        D         E       F
            +---------+---------+-------+---------+---------+-------
      Total |   58637 |   28253 |  32.5 |     412 |     156 |  27.5
            +---------+---------+-------+---------+---------+-------
        D:1 |      24 |       0 |   0.0 |      15 |       0 |   0.0
        D:2 |      54 |      72 |  57.1 |      19 |      13 |  40.6
        D:3 |     201 |       0 |   0.0 |      21 |       0 |   0.0
        D:4 |     271 |      35 |  11.4 |      20 |       1 |   4.8
        D:5 |     646 |       0 |   0.0 |      29 |       0 |   0.0
        D:6 |     986 |     135 |  12.0 |      14 |      22 |  61.1
        D:7 |    1118 |       8 |   0.7 |      16 |       4 |  20.0
        D:8 |    2303 |     773 |  25.1 |      24 |       8 |  25.0
        D:9 |    2125 |    2077 |  49.4 |      34 |      12 |  26.1
       D:10 |    3823 |       0 |   0.0 |      12 |       0 |   0.0
       D:11 |    5486 |       0 |   0.0 |      31 |       0 |   0.0
       D:12 |    7404 |     108 |   1.4 |      33 |       9 |  21.4
     Lair:1 |    7123 |    3186 |  30.9 |      35 |       7 |  16.7
     Lair:2 |    5739 |    2052 |  26.3 |      22 |       8 |  26.7
     Lair:3 |    4264 |    3292 |  43.6 |      14 |      11 |  44.0
     Lair:4 |    7953 |     809 |   9.2 |      25 |       1 |   3.8
     Lair:5 |    7129 |   10656 |  59.9 |      23 |      24 |  51.1
      Orc:1 |    1988 |    4335 |  68.6 |      25 |      12 |  32.4
     Bailey |       0 |     715 | 100.0 |       0 |      24 | 100.0
            +---------+---------+-------+---------+---------+-------

Skill      XL: |  1  2  3  4  5  6  7  8  9 10 11 12 13 14 15 |
---------------+----------------------------------------------+-----
Spellcasting   | 1 2 3 4 6 8 9 |  9.1
Conjurations   | 1 2 3 4 6 8 9 |  9.1
Hexes          | 1 2 3 4 6 8 9 |  9.1
Summonings     | 1 2 3 4 6 8 9 |  9.1
Necromancy     | 1 2 3 4 6 8 9 |  9.1
Translocations | 1 2 3 4 6 8 9 |  9.1
Transmutations | 1 2 3 4 6 8 9 |  9.1
Fire Magic     | 1 2 3 4 6 8 9 |  9.1
Ice Magic      | 1 2 3 4 6 8 9 |  9.1
Air Magic      | 1 2 3 4 6 8 9 |  9.1
Earth Magic    | 1 2 3 4 6 8 9 |  9.1
Poison Magic   | 1 2 3 4 6 8 9 |  9.1
Short Blades   | 2 4 |  4.0
Stealth        | 2 5 8 |  8.0
Fighting       | 2 3 4 7 10 11 | 11.8
Dodging        | 4 8 |  8.1
Shapeshifting  | 5 8 |  8.1
Unarmed Combat | 8 10 13 | 13.1
Shields        | 4 5 |  5.0
Evocations     | 4 |  4.1

Action                     |  1- 3 |  4- 6 |  7- 9 | 10-12 | 13-15 || total
---------------------------+-------+-------+-------+-------+-------++-------
  Melee: Unarmed           |    39 |     5 |       |       |   443 ||   487
         Dagger            |       |    28 |   163 |   306 |   176 ||   673
         Short sword       |       |    26 |    32 |       |       ||    58
         Punch             |       |       |     7 |     5 |     5 ||    17
  Throw: Dart              |       |       |    10 |       |     1 ||    11
   Cast: Sting             |    29 |   110 |   101 |    28 |     2 ||   270
         Ensorcelled Hiber |       |    13 |    14 |    98 |    79 ||   204
         Hailstorm         |       |       |    61 |    98 |       ||   159
         Ozocubu's Armour  |       |       |       |    10 |     6 ||    16
         Cause Fear        |       |       |       |     1 |     5 ||     6
         Irradiate         |       |       |       |       |    72 ||    72
 Invoke: Curse Item        |       |       |     3 |     4 |     4 ||    11
         Shatter the Chain |       |       |       |     1 |     4 ||     5
  Evoke: Wand              |       |       |       |     9 |     4 ||    13
    Use: Potion            |       |     2 |       |     2 |       ||     4
         Scroll            |       |       |     1 |     7 |     6 ||    14
   Stab: Sleeping          |     1 |     5 |    13 |    65 |    66 ||   150
         Petrified         |       |       |       |       |     6 ||     6
 Armour: Animal skin       |    28 |    49 |       |       |       ||    77
         Leather armour    |       |    21 |   149 |   414 |   421 ||  1005
         Skin              |       |    16 |       |       |       ||    16
  Dodge: Dodged            |    41 |    72 |   162 |   517 |   576 ||  1368
  Block: Buckler           |       |       |       |       |    15 ||    15
         Form:             |       |     1 |       |       |       ||     1
         Beast             |       |     1 |       |       |       ||     1
         Flux              |       |       |       |       |     1 ||     1

Illustrated notes

Table legend:
 A = Kills in this place as a percentage of kills in the entire game.
 B = Kills by you in this place as a percentage of kills by you in the entire game.
 C = Kills by friends in this place as a percentage of kills by friends in the entire game.
 D = Other kills in this place as a percentage of other kills in the entire game.
 E = Experience gained in this place as a percentage of experience gained in the entire game.
 F = Experience gained in this place divided by the number of levels of this place that you have seen.
                   A       B       C       D       E      F
               +-------+-------+-------+-------+-------+----------------------
         Total | 100.0 | 100.0 |   N/A |   N/A | 100.0 | 4573.2
       Dungeon |  59.3 |  59.3 |   N/A |   N/A |  31.8 | 2304.1
          Lair |  29.9 |  29.9 |   N/A |   N/A |  60.1 | 10440.6
  Orcish Mines |   6.5 |   6.5 |   N/A |   N/A |   7.3 | 6323.0
        Bailey |   4.2 |   4.2 |   N/A |   N/A |   0.8 | 715.0
               +-------+-------+-------+-------+-------+----------------------

Table legend: (Time is in decaauts)
 A = Elapsed time spent in this place.
 B = Non-inter-level travel time spent in this place.
 C = Inter-level travel time spent in this place.
 D = Time resting spent in this place.
 E = Time spent auto-exploring this place.
 F = Levels seen in this place.
 G = Mean time per level.
                   A        B        C        D        E       F      G
               +--------+--------+--------+--------+--------+-----+--------+
         Total |  26965 |  25245 |   1720 |   6982 |  13466 |  19 | 1419.2 |
       Dungeon |  16437 |  15138 |   1299 |   4008 |   8251 |  12 | 1369.8 |
          Lair |   9478 |   9071 |    407 |   2803 |   4792 |   5 | 1895.6 |
  Orcish Mines |    331 |    317 |     14 |     15 |    111 |   1 |  331.0 |
        Bailey |    717 |    717 |      0 |    156 |    312 |   1 |  717.0 |
               +--------+--------+--------+--------+--------+-----+--------+

Top non-repeatable levels by time:
  Lair:5: 2529 daAuts
     D:8: 2456 daAuts
     D:9: 2427 daAuts
  Lair:1: 2042 daAuts
  Lair:4: 1784 daAuts
  Lair:2: 1697 daAuts
     D:2: 1472 daAuts
  Lair:3: 1425 daAuts
     D:5: 1415 daAuts
     D:6: 1295 daAuts
     D:4: 1291 daAuts
     D:7: 1264 daAuts
    D:10: 1242 daAuts
     D:3: 1240 daAuts
    D:12: 793 daAuts
